 Dungeon Crawl Stone Soup version 0.32-a0-814-g0968bab981 (webtiles) character file.

Game seed: 8803967120845903408

1407 Dittersdorf the Shield-Bearer (level 8, -1/52 HPs)
             Began as a Gargoyle Fighter on Mar 22, 2024.
             Was an Initiate of Gozag.
             Slain by a vampire (6 damage)
             ... on level 4 of the Dungeon.
             The game lasted 00:07:02 (5185 turns).

Dittersdorf the Shield-Bearer (Gargoyle Fighter)    Turns: 5185, Time: 00:07:02

Health: -1/52      AC: 18    Str: 22    XL:     8   Next: 70%
Magic:  8/8        EV:  6    Int:  9    God:    Gozag
Gold:   593        SH: 13    Dex:  9    Spells: 7/7 levels left

rFire   + + .        a - +0 flail
rCold   + . .        j - +0 tower shield
rNeg    + . .        b - +0 scale mail
rPois   ∞            n - +1 helmet
rElec   +            i - scarf {rC+ rF+}
rCorr   .            f - +0 pair of gloves
SInv    .            l - +0 pair of boots
Will    .....        (no amulet) Stlth
                     u - ring of protection from fire
HPRegen 0.28/turn    (no ring)
MPRegen 0.11/turn

%: no passive effects
@: mighty
A: sickness immunity, AC +5, negative energy resistance 1, electricity
resistance, torment resistance 1, petrification resistance
a: Renounce Religion, Potion Petition, Call Merchant, Bribe Branch


You were on level 4 of the Dungeon.
You worshipped Gozag.
Gozag was pleased with you.
You visited 2 branches of the dungeon, and saw 6 of its levels.
You also visited: Ossuary.

You collected 641 gold pieces.
You paid 48 gold pieces to Gozag.

Inventory:

Hand Weapons
 a - a +0 flail (weapon)
Armour
 b - a +0 scale mail (worn)
 f - a +0 pair of gloves (worn)
 i - a scarf of resistance (worn)
 j - a +0 tower shield (worn)
 l - a +0 pair of boots (worn)
 n - a +1 helmet (worn)
Jewellery
 k - a ring of ice
 u - a ring of protection from fire (left hand)
Scrolls
 h - 3 scrolls of fear
 s - 2 scrolls of teleportation
Potions
 e - 8 potions of curing {unknown}
 g - 2 potions of resistance
 m - a potion of berserk rage {unknown}
 o - a potion of brilliance {unknown}
 p - 3 potions of heal wounds {unknown}
 r - a potion of magic
 t - 3 potions of mutation


   Skills:
 + Level 6.5 Fighting
 + Level 5.5 Maces & Flails
 + Level 6.5 Armour
 + Level 6.6 Shields


You had 7 spell levels left.
You didn't know any spells.
Your spell library contained the following spells:

 Spells                   Type           Power      Damage    Failure   Level
 Magic Dart               Conj           0%         1d3       99%         1
 Searing Ray              Conj           0%         2d4       100%        2
 Gell's Gravitas          Tloc           0%         N/A       100%        3
 Teleport Other           Tloc           0%         N/A       100%        3
 Fulminant Prism          Conj/Alch      0%         3d5       100%        4
 Dispersal                Tloc           0%         N/A       100%        6


Dungeon Overview and Level Annotations

Branches:
Dungeon (5/15)             Temple (1/1) D:4         Ossuary (visited)

Altars:
Ashenzari
Dithmenos
Elyvilon
Gozag
Hepliaklqana
Kikubaaqudgha
Makhleb
Nemelex Xobeh
Okawaru
Ru
Sif Muna
Wu Jian
Yredelemnul
Zin
The Shining One

Shops:
D:2 !

Annotations:
D:2 2 transporters
Temple 2 transporters


Innate Abilities, Weirdness & Mutations

You are immune to sickness and miasma.
Your stone body is resilient. (AC +5)
You are immune to poison.
You resist negative energy. (rN+)
You are resistant to electric shocks. (rElec)
You are resistant to unholy torment.
You are immune to petrification.


Message History

You miss the shadow imp. The shadow imp barely misses you.
The shadow imp hits you but does no damage.
You sock the shadow imp!
You kill the shadow imp!
You feel less invigorated.
You feel less confused.
You sock something! Something hits you. You block something's attack. x2
Something bites you but does no damage.
You hit something but do no damage. Something hits you but does no damage.
Something bites you.
You hit something. Something hits you but does no damage.
Something bites you but does no damage.
You closely miss something. You block something's attack.
Something bites you but does no damage. Something hits you but does no damage.
Something bites you.
You miss something. Something hits you but does no damage.
Something bites you but does no damage.
You hit something but do no damage. Something hits you!
Something bites you but does no damage.
You miss something. You block something's attack. Something bites you!
Something hits you but does no damage. Something bites you but does no damage.
You closely miss something. Something hits you. Something bites you.
You sock something! You block something's attack. Something bites you.
You hear some strange, mumbled words.
Something tries to affect you, but you resist.
You barely miss something. You block something's attack. Something bites you!
You hit something but do no damage. Something hits you but does no damage.
Something bites you but does no damage.
You hit something. You block something's attack.
Something bites you but does no damage. Something hits you but does no damage.
Something bites you but does no damage.
You feel very mighty all of a sudden. Something hits you but does no damage.
Something bites you.
You barely miss something. Something hits you!
* * * LOW HITPOINT WARNING * * *
Something bites you.
* * * LOW HITPOINT WARNING * * *
You barely miss something. Something hits you.
You die...
Your body crumbles into a pile of gold.

#####.........<.......####
###.#
........##.############
#.... ......##...# #....
......##.########### #....
##.#.>.............######
#....
##.##.#..#########......#
#.... ........[..#
##.....# #.>..
...<...>...########.)...#
#....
####..........O{@.......#
#.... #
#.......########.....#
#.... ####.......# #.....#
#.... ..##.......# #.....#
##### .....####### #.....#
.....# ####### .....#
..#### ###


You could see an ogre.

Vanquished Creatures
  A sky beast (D:4)
  A black bear (D:3)
  2 ogres
  A phantom (D:5)
  3 scorpions
  A bombardier beetle (D:3)
  A howler monkey (D:4)
  5 hounds
  2 iguanas
  A sleepcap (D:5)
  Natasha (thrice) (D:4)
  3 scorpion zombies (D:5)
  8 mummies (Ossuary)
  Robin (D:2)
  8 adders
  4 gnolls
  2 shadow imps
  A white imp (D:5)
  2 adder zombies (D:5)
  An adder skeleton (D:5)
  2 dart slugs
  2 ribbon worms
  8 orcs
  5 ball pythons
  10 endoplasms
  2 giant cockroaches
  A gnoll zombie (Ossuary)
  13 goblins
  7 hobgoblins
  7 kobolds
  2 quokkas (D:1)
  3 bats
  8 frilled lizards
  2 hobgoblin zombies (Ossuary)
  A kobold zombie (Ossuary)
  4 orc zombies (Ossuary)
  4 rats
132 creatures vanquished.

Notes
Turn   | Place    | Note
-------+----------+-------------------------------------------
     0 | D:1      | Dittersdorf the Gargoyle Fighter began the quest for the
                  | Orb.
     0 | D:1      | Reached XP level 1. HP: 14/14 MP: 1/1
    90 | D:1      | Reached XP level 2. HP: 9/19 MP: 2/2
   417 | D:1      | Reached XP level 3. HP: 22/23 MP: 3/3
   772 | D:2      | Noticed Robin
   807 | D:2      | Reached XP level 4. HP: 17/29 MP: 4/4
   946 | D:2      | Killed Robin
  1200 | D:2      | Found a transporter.
  1205 | D:2      | Found Xuse's Distillery.
  1223 | D:2      | Found a basalt altar of Yredelemnul.
  1250 | D:2      | Found a transporter.
  1709 | D:3      | Reached XP level 5. HP: 28/33 MP: 5/5
  2641 | D:4      | Noticed Natasha
  2653 | D:4      | Killed Natasha
  2654 | D:4      | Reached XP level 6. HP: 32/39 MP: 6/6
  2686 | D:4      | Noticed a sky beast
  2705 | D:4      | Killed a sky beast
  2779 | D:4      | Reached skill level 5 in Shields
  2886 | D:4      | Found a glowing silver altar of Zin.
  2921 | D:4      | Reached skill level 5 in Fighting
  2955 | D:4      | Found a staircase to the Ecumenical Temple.
  2979 | D:4      | Reached skill level 5 in Armour
  2979 | D:4      | Reached XP level 7. HP: 41/44 MP: 7/7
  2982 | Temple   | Found a transporter.
  2982 | Temple   | Found a transporter.
  2982 | Temple   | Found a transporter.
  2982 | Temple   | Found a transporter.
  2982 | Temple   | Entered the Ecumenical Temple
  2995 | Temple   | Became a worshipper of Gozag Ym Sagoz the Greedy
  3043 | D:4      | Noticed Natasha
  3052 | D:4      | Killed Natasha
  3083 | D:4      | Noticed Natasha
  3273 | D:4      | Killed Natasha
  3693 | D:5      | Entered Level 5 of the Dungeon
  3783 | D:5      | Reached XP level 8. HP: 40/51 MP: 8/8
  3867 | D:5      | Found a sand-covered staircase.
  3890 | Ossuary  | Entered an ossuary
  4352 | Ossuary  | Reached skill level 5 in Maces & Flails
  4957 | D:5      | Identified the +9 quarterstaff "Eraewnal" {speed, rF+ rN+}
  5021 | D:5      | Noticed a vampire
  5185 | D:4      | Slain by a vampire

Illustrated notes

Levels and vault maps discovered:
D:1:      dpeg_arrival_round_c, layout_rooms, minmay_statues_item
D:2:      layout_basic, basic_altar, serial_shops, nicolae_shop_drivethru,
          due_unseen_surprise, uniq_robin
D:3:      minmay_door_path, layout_loops_corners
D:4:      layout_rooms, mainiacjoe_overflow_six_doors_small,
          minmay_temple_entry_stoned_glass, eino_small_chamber_without_monster,
          minivault_27, uniq_natasha
D:5:      minmay_bubble_buster, layout_basic, vehumet_crystals,
          mainiacjoe_ossuary_entry_find_the_door, nicolae_custom_books,
          grunt_ministairs_7
Temple:   hellmonk_temple_divided_pantheon

Skill      XL: |  1  2  3  4  5  6  7  8 |
---------------+-------------------------+-----
Fighting       | 4 5 6 |  6.5
Shields        | 4 5 6 |  6.6
Armour         | 4 5 6 |  6.5
Maces & Flails | 3 4 5 |  5.5

Action                     |  1- 3 |  4- 6 |  7- 9 || total
---------------------------+-------+-------+-------++-------
  Melee: Flail             |   126 |   161 |   295 ||   582
    Use: Scroll            |       |     9 |     4 ||    13
         Potion            |       |       |     2 ||     2
 Armour: Scale mail        |   114 |   136 |   336 ||   586
  Dodge: Dodged            |    54 |    73 |   148 ||   275
  Block: Buckler           |    28 |    32 |    81 ||   141
         Tower shield      |       |       |    12 ||    12

Table legend: (Time is in decaauts)
 A = Elapsed time spent in this place.
 B = Non-inter-level travel time spent in this place.
 C = Inter-level travel time spent in this place.
 D = Time resting spent in this place.
 E = Time spent auto-exploring this place.
 F = Levels seen in this place.
 G = Mean time per level.
                   A        B        C        D        E       F      G
               +--------+--------+--------+--------+--------+-----+--------+
         Total |   5344 |   5159 |    185 |   1037 |   2568 |   7 |  763.4 |
       Dungeon |   4433 |   4248 |    185 |    451 |   2481 |   5 |  886.6 |
        Temple |    174 |    174 |      0 |    128 |      0 |   1 |  174.0 |
       Ossuary |    736 |    736 |      0 |    458 |     87 |   1 |  736.0 |
               +--------+--------+--------+--------+--------+-----+--------+

Top non-repeatable levels by time:
     D:3: 1263 daAuts
     D:4: 975 daAuts
     D:2: 835 daAuts
 Ossuary: 736 daAuts
     D:1: 718 daAuts
     D:5: 640 daAuts
  Temple: 174 daAuts
